 Dungeon Crawl Stone Soup version 0.30-a0-373-gd37427bb62 (webtiles) character file.

Game seed: 9507492354986313346

282 mopl the Magician (level 6, -3/45 HPs)
             Began as a Draconian Hedge Wizard on Nov 24, 2022.
             Killed from afar by an orc wizard (6 damage)
             ... with a magic dart
             ... in the Ecumenical Temple.
             The game lasted 00:05:26 (3684 turns).

mopl the Magician (Draconian Hedge Wizard)          Turns: 3684, Time: 00:05:28

Health: -3/45      AC:  6    Str: 12    XL:     6   Next: 6%
Magic:  6/12       EV: 12    Int: 16    God:
Gold:   155        SH:  0    Dex: 11    Spells: 11/14 levels left

rFire   . . .      SeeInvis .    a - +0 dagger
rCold   . . .      Faith    .    (no shield)
rNeg    . . .      Spirit   .    (body armour unavailable)
rPois   +          Reflect  .    b - +0 hat
rElec   .          Harm     .    (no cloak)
rCorr   .          Rampage  .    (no gloves)
Will    .....                    (no boots)
Stlth   ++........               (no amulet)
HPRegen 0.27/turn                i - ring of poison resistance
MPRegen 0.13/turn                (no ring)

@: no status effects
A: AC +6, unfitting armour, cold-blooded
a: no special abilities


You were in the Ecumenical Temple.
You visited 2 branches of the dungeon, and saw 5 of its levels.

You collected 155 gold pieces.

Inventory:

Hand Weapons
 a - a +0 dagger (weapon)
 t - a +1 dagger of pain
Missiles
 p - a throwing net
 u - 6 atropa-tipped darts
 x - 3 boomerangs
 y - 5 silver boomerangs
Armour
 b - a +0 hat (worn)
Jewellery
 i - a ring of poison resistance (left hand)
 o - a ring of fire
Scrolls
 d - 2 scrolls of immolation {unknown}
 e - 3 scrolls of teleportation
 g - 2 scrolls of identify {unknown}
 h - 2 scrolls of blinking {unknown}
 m - a scroll of amnesia {unknown}
 n - a scroll of magic mapping {unknown}
 q - a scroll of enchant weapon {unknown}
 r - a scroll of noise {unknown}
 s - a scroll of fog {unknown}
 w - a scroll of fear {unknown}
Potions
 c - a potion of magic
 f - 2 potions of heal wounds {unknown}
 j - 2 potions of curing {unknown}
 k - a potion of invisibility {unknown}
 l - a potion of mutation {unknown}
 v - a potion of lignification {unknown}
 z - a potion of degeneration {unknown}
 A - a potion of berserk rage {unknown}


   Skills:
 - Level 1.7 Dodging
 - Level 1.7 Stealth
 * Level 4.6 Spellcasting
 * Level 3.9 Conjurations
 - Level 1.0 Summonings
 + Level 2.6 Translocations


You had 11 spell levels left.
You knew the following spells:

 Your Spells              Type           Power      Damage    Failure   Level
a - Magic Dart            Conj           64%        1d6       3%          1
e - Blink                 Tloc           24%        N/A       9%          2

Your spell library contained the following spells:

 Spells                   Type           Power      Damage    Failure   Level
 Slow                     Hex            12%        N/A       16%         1
 Call Imp                 Summ           6%         N/A       16%         2
 Cigotuvi's Dreadful Rot  Necr/Pois/Air  6%         N/A       24%         2
 Ensorcelled Hibernation  Hex/Ice        6%         N/A       24%         2
 Passwall                 Tmut/Erth      2%         N/A       24%         2
 Mephitic Cloud           Conj/Pois/Air  7%         N/A       28%         3
 Ozocubu's Armour         Ice            3%         N/A       43%         3
 Swiftness                Air            3%         N/A       43%         3
 Metabolic Englaciation   Hex/Ice        1%         N/A       99%         5
 Simulacrum               Ice/Necr       1%         N/A       100%        6


Dungeon Overview and Level Annotations

Branches:
Dungeon (4/15)             Temple (1/1) D:4

Altars:
Ashenzari
Cheibriados
Dithmenos
Elyvilon
Fedhas
Gozag
Hepliaklqana
Kikubaaqudgha
Qazlal
Ru
Sif Muna
Yredelemnul
Zin

Annotations:
D:2 dig


Innate Abilities, Weirdness & Mutations

Your plain brown scales are hard. (AC +6)
You cannot fit into any form of body armour.
You are cold-blooded and may be slowed by cold attacks.


Message History

The magic dart hits something.
You hear some strange, mumbled words.
A magic dart appears from out of thin air!
The magic dart hits you!
* * * LOW HITPOINT WARNING * * *
Casting: Magic Dart (safe; 3% risk of failure)
Confirm with . or Enter, or press ? or * to list all spells.
You don't know that spell.
Casting: Magic Dart (safe; 3% risk of failure)
Confirm with . or Enter, or press ? or * to list all spells.
Aiming: Magic Dart (safe; 3% risk of failure)
Press: ? - help, Shift-Dir - straight line The magic dart hits something but does no damage.
You hear some strange, mumbled words.
A puff of flame appears from out of thin air!
The puff of flame hits you.
* * * LOW HITPOINT WARNING * * *
Casting: Magic Dart (safe; 3% risk of failure)
Confirm with . or Enter, or press ? or * to list all spells.
Aiming: Magic Dart (safe; 3% risk of failure)
Press: ? - help, Shift-Dir - straight line The magic dart hits something.
Something hits you.
* * * LOW HITPOINT WARNING * * *
Unknown command.
Casting: Magic Dart (safe; 3% risk of failure)
Confirm with . or Enter, or press ? or * to list all spells.
Aiming: Magic Dart (safe; 3% risk of failure)
Press: ? - help, Shift-Dir - straight line The magic dart hits something but does no damage.
Something hits you but does no damage.
Unknown command.
Casting: Magic Dart (safe; 3% risk of failure)
Confirm with . or Enter, or press ? or * to list all spells.
Aiming: Magic Dart (safe; 3% risk of failure)
Press: ? - help, Shift-Dir - straight line The magic dart hits something.
You hear some strange, mumbled words.
A magic dart appears from out of thin air!
The magic dart hits you.
You die...

♣♣♣ ♣♣..♣♣ ♣♣..♣♣ ♣♣♣
♣_♣♣ ♣♣..♣♣♣♣♣..♣♣ ♣♣_♣
♣..♣♣ ♣♣...∩...♣♣ ♣♣..♣
♣♣..♣♣♣♣........♣♣♣..♣♣
♣♣..♣♣...###....♣..♣♣
♣♣....###.###....♣♣
♣♣...#_..._#...♣♣
♣[.##.....##..♣
♣<@#..._...#.∩♣
♣){##.....##..♣
♣♣...#_..._#...♣♣
♣♣....###.###....♣♣
♣♣..♣....#'#...♣♣..♣♣
♣♣..♣♣♣........♣♣♣♣..♣♣
♣..♣♣ ♣♣...∩...♣♣ ♣♣..♣
♣_♣♣ ♣♣..♣♣♣♣♣..♣♣ ♣♣_♣
♣♣♣ ♣♣..♣♣ ♣♣..♣♣ ♣♣♣


There were no monsters in sight!

Vanquished Creatures
  An ogre (D:4)
  An orc priest (D:3)
  2 orc wizards
  3 adders
  A worm (D:2)
  3 dart slugs
  9 orcs
  4 ball pythons
  6 endoplasms
  3 giant cockroaches
  9 hobgoblins
  5 jackals
  2 quokkas (D:1)
  6 bats
  A frilled lizard (D:2)
  7 goblins
  7 kobolds
  3 rats
73 creatures vanquished.

Notes
Turn   | Place    | Note
-------+----------+-------------------------------------------
     0 | D:1      | mopl the Draconian Hedge Wizard began the quest for the
                  | Orb.
     0 | D:1      | Reached XP level 1. HP: 14/14 MP: 4/4
   340 | D:1      | Reached XP level 2. HP: 20/20 MP: 3/6
   343 | D:1      | Learned a level 2 spell: Blink
   705 | D:1      | Reached skill level 2 in Conjurations
   870 | D:1      | Reached XP level 3. HP: 21/26 MP: 4/8
  2199 | D:3      | Reached XP level 4. HP: 33/33 MP: 2/9
  2533 | D:3      | Reached skill level 4 in Spellcasting
  2601 | D:3      | Reached skill level 3 in Conjurations
  2881 | D:3      | Reached skill level 2 in Translocations
  2881 | D:3      | Reached XP level 5. HP: 22/38 MP: 4/11
  3079 | D:4      | Noticed an ogre
  3128 | D:4      | Killed an ogre
  3295 | D:4      | Found a staircase to the Ecumenical Temple.
  3308 | Temple   | Entered the Ecumenical Temple
  3613 | Temple   | Reached XP level 6. HP: 35/45 MP: 5/12
  3682 | Temple   | HP: 2/45 [something (3)]
  3684 | Temple   | Killed from afar by an orc wizard

Illustrated notes

Levels and vault maps discovered:
D:1:      saegor_arrival_simple_e, layout_loops_corners
D:2:      layout_basic, minmay_surrounded
D:3:      layout_loops_ring, minmay_fountain_box
D:4:      layout_loops_cross, minmay_temple_entry_mini_moons, dk_noncrumbling_3,
          minmay_between
Temple:   hellmonk_temple_forest_ring

Skill      XL: |  1  2  3  4 |
---------------+-------------+-----
Conjurations   | 2 3 |  3.9
Spellcasting   | 4 |  4.6
Translocations | 2 |  2.6
Dodging        | |  1.7
Stealth        | |  1.7
Summonings     | |  1.0

Action                   |  1- 3 |  4- 6 || total
-------------------------+-------+-------++-------
Melee: Dagger            |   197 |    70 ||   267
       Tailslap          |    15 |     8 ||    23
       Punch             |     3 |       ||     3
 Cast: Magic Dart        |    63 |    73 ||   136
  Use: Scroll            |     1 |     1 ||     2
 Stab: Sleeping          |     2 |     1 ||     3
       Distracted        |     1 |       ||     1
Armor: Skin              |    74 |    49 ||   123
Dodge: Dodged            |   124 |    77 ||   201

Table legend: (Time is in decaauts)
 A = Elapsed time spent in this place.
 B = Non-inter-level travel time spent in this place.
 C = Inter-level travel time spent in this place.
 D = Time resting spent in this place.
 E = Time spent auto-exploring this place.
 F = Levels seen in this place.
 G = Mean time per level.
                   A        B        C        D        E       F      G
               +--------+--------+--------+--------+--------+-----+--------+
         Total |   3689 |   3602 |     87 |    520 |   2293 |   5 |  737.8 |
       Dungeon |   3345 |   3277 |     68 |    395 |   2160 |   4 |  836.2 |
        Temple |    343 |    325 |     18 |    125 |    133 |   1 |  343.0 |
               +--------+--------+--------+--------+--------+-----+--------+

Top non-repeatable levels by time:
     D:3: 1197 daAuts
     D:1: 1010 daAuts
     D:2: 865 daAuts
  Temple: 343 daAuts
     D:4: 272 daAuts
